 Dungeon Crawl Stone Soup version 0.27.0-1-g7a08968 (webtiles) character file.

Game seed: 9714094900863772896

64 PriceIsRight the Skirmisher (level 4, -2/31 HPs)
             Began as a Gargoyle Fighter on Aug 7, 2021.
             Slain by a gnoll (6 damage)
             ... on level 2 of the Dungeon.
             The game lasted 00:04:01 (1818 turns).

PriceIsRight the Skirmisher (Gargoyle Fighter)      Turns: 1818, Time: 00:04:02

Health: -2/31      AC: 11    Str: 20    XL:     4   Next: 12%
Magic:  4/4        EV:  7    Int:  9    God:
Gold:   94         SH:  9    Dex:  9    Spells: 3/3 levels left

rFire    . . .     SeeInvis .   a - +0 war axe
rCold    . . .     Faith    .   c - +0 kite shield
rNeg     + . .     Spirit   .   b - +0 scale mail
rPois    ∞         Reflect  .   h - +1 hat {Will+}
rElec    +         Harm     .   (no cloak)
rCorr    .         Rampage  .   (no gloves)
Will     +....                  (no boots)
Stlth    ..........             (no amulet)
HPRegen  0.10/turn              e - ring of wizardry
MPRegen  0.09/turn              (no ring)

@: no status effects
A: sickness immunity, AC +3, negative energy resistance 1, electricity
resistance, torment resistance 1, petrification resistance
a: no special abilities


You were on level 2 of the Dungeon.
You visited 1 branch of the dungeon, and saw 2 of its levels.

You collected 94 gold pieces.

Inventory:

Hand Weapons
 a - a +0 war axe (weapon)
Missiles
 i - 19 stones (quivered)
Armour
 b - a +0 scale mail (worn)
 c - a +0 kite shield (worn)
 h - a +1 hat of willpower (worn)
Jewellery
 e - a ring of wizardry (left hand)
Potions
 d - 2 potions of might
 f - 2 potions of brilliance {unknown}
 g - a potion of curing {unknown}


   Skills:
 + Level 5.1 Fighting
 - Level 1.7 Axes
 + Level 3.4 Armour
 + Level 3.5 Shields


You had 3 spell levels left.
You didn't know any spells.
Your spell library contained the following spells:

 Spells                   Type           Power      Damage    Failure   Level
 Corona                   Hex            0%         N/A       87%         1
 Ensorcelled Hibernation  Hex/Ice        0%         N/A       95%         2
 Tukima's Dance           Hex            0%         N/A       99%         3


Dungeon Overview and Level Annotations

Branches:
Dungeon (2/15)

Altars:


Innate Abilities, Weirdness & Mutations

You are immune to sickness and miasma.
Your stone body is resilient. (AC +3)
You are immune to poison.
You resist negative energy. (rN+)
You are resistant to electric shocks. (rElec)
You are resistant to unholy torment.
You are immune to petrification.


Message History

You slash the gnoll!
You kill the gnoll!
You have reached level 4!
You feel clever.
i - 19 stones (gained 13)
You now have 94 gold pieces (gained 8).
Things that are here:
a +0 flail; a gnoll corpse You start resting.
A gnoll is nearby!
The gnoll shouts!
The gnoll hits you but does no damage.
You hit the gnoll.
The gnoll is moderately wounded.
The gnoll barely misses you. You block the gnoll's attack.
You barely miss the gnoll.
The gnoll is moderately wounded.
The gnoll hits you but does no damage. The gnoll closely misses you.
Your shield prevents you from hitting the gnoll.
The gnoll is moderately wounded.
The gnoll hits you with a +0 flail.
You hit the gnoll.
The gnoll is heavily wounded.
The gnoll hits you with a +0 flail. You block the gnoll's attack.
You hit the gnoll.
The gnoll is severely wounded.
The gnoll hits you with a +0 flail!
* * * LOW HITPOINT WARNING * * *
You block the gnoll's attack.
Your scale mail prevents you from hitting the gnoll.
The gnoll is severely wounded.
The gnoll hits you with a +0 flail.
* * * LOW HITPOINT WARNING * * *
You closely miss the gnoll.
The gnoll is severely wounded.
The gnoll barely misses you. You block the gnoll's attack.
You closely miss the gnoll.
The gnoll is severely wounded.
The gnoll hits you with a +0 flail.
You die...

#.#.# #.#.#
#.#.# #)#.#
#.#.# #.# #
#.#
.##.#.#####.#
.......).@g.#
###....######
#.### .. #


You could see a gnoll.

Vanquished Creatures
  3 gnolls (D:2)
  10 ball pythons
  2 endoplasms (D:1)
  A giant cockroach (D:1)
  A hobgoblin (D:1)
  3 jackals (D:1)
  3 bats
  A frilled lizard (D:2)
  4 goblins (D:1)
  5 kobolds (D:1)
  5 rats (D:1)
38 creatures vanquished.

Notes
Turn   | Place    | Note
-------+----------+-------------------------------------------
     0 | D:1      | PriceIsRight the Gargoyle Fighter began the quest for the
                  | Orb.
     0 | D:1      | Reached XP level 1. HP: 14/14 MP: 1/1
   163 | D:1      | Found a faded altar of an unknown god.
   295 | D:1      | Reached XP level 2. HP: 13/20 MP: 2/2
   381 | D:1      | Reached skill level 4 in Fighting
  1003 | D:1      | Reached XP level 3. HP: 24/24 MP: 3/3
  1617 | D:2      | Reached skill level 5 in Fighting
  1766 | D:2      | Reached XP level 4. HP: 15/31 MP: 4/4
  1818 | D:2      | Slain by a gnoll

Illustrated notes

Levels and vault maps discovered:
D:1:      minmay_arrival_four_houses, layout_basic,
          ebering_ecumenical_altar_hall
D:2:      layout_loops_ring, dk_vineyard_2, uniq_natasha

Skill      XL: |  1  2  3 |
---------------+----------+-----
Fighting       | 4 5 |  5.1
Axes           | |  1.7
Armour         | |  3.4
Shields        | |  3.5

Action                   |  1- 3 |  4- 6 || total
-------------------------+-------+-------++-------
Melee: War axe           |   114 |     8 ||   122
Armor: Scale mail        |    58 |     2 ||    60
Dodge: Dodged            |    38 |     3 ||    41
Block: Kite shield       |    56 |     4 ||    60
